Map: Para Site LE

Players

Reynor - Winner!

  • Race: Zerg Zerg
  • League: Grandmaster
  • Spawn Location: 5:00

llllllllllll (GuMiho)

  • Race: Terran Terran
  • Spawn Location: 11:00

Event: IEM Season 13 - Katowice Server Qualifiers Europe

VOD

Have the link to the VOD?

Description

Time

  • Played on: Jan. 8, 2019, 9:45 a.m.
  • Length: 23:48

All games in this series

Show
View Real Time Build Order
Export as new Build Order

Reynor Zerg - Winner!

Build Orders: Hatch First 

Get SALT Encoding   

  12  0:00  Drone  
  13  0:13  Overlord  
  13  0:16  Drone  
  14  0:31  Drone x2  
  16  0:50  Hatchery  
  16  0:52  Drone  
  16  0:55  Drone  
  17  0:58  Drone  
  18  1:09  Extractor  
  17  1:14  Spawning Pool  
  17  1:17  Drone  
  17  1:20  Drone  
  18  1:30  Drone  
  19  1:39  Overlord  
  19  1:51  Drone  
  20  2:01  Queen x2  
  20  2:02  Zergling x4  
  26  2:11  Drone  
  26  2:13  Drone  
  28  2:23  Drone x2  
  30  2:32  Hatchery  
  30  2:35  Metabolic Boost  
  29  2:42  Drone x2  
  31  2:48  Queen  
  33  2:53  Overlord  
  33  2:56  Zergling x2  
  35  2:58  Zergling x2  
  35  3:01  Drone  
  36  3:10  Overlord  
  36  3:11  Drone  
  36  3:12  Drone  
  38  3:13  Drone  
  38  3:14  Drone  
  39  3:20  Queen  
  39  3:23  Drone  
  39  3:24  Drone  
  43  3:28  Drone  
  43  3:32  Drone  
  45  3:35  Queen  
  45  3:38  Drone  
  45  3:39  Drone  
  49  3:44  Drone  
  49  3:48  Drone x2  
  52  3:49  Queen  
  52  3:53  Drone x2  
  52  3:55  Drone  
  57  3:57  Zergling x2  
  57  4:00  Overlord  
  58  4:04  Overlord  
  58  4:12  Overlord  
  58  4:16  Overlord  
  58  4:18  Zergling x8  
  58  4:24  Lair, Drone  
  63  4:27  Drone  
  63  4:28  Spore Crawler, Drone  
  63  4:30  Spore Crawler  
  63  4:32  Extractor, Drone  
  63  4:33  Drone  
  63  4:35  Drone  
  63  4:36  Drone  
  63  4:38  Drone  
  67  4:39  Drone  
  67  4:44  Drone x3  
  71  4:46  Spore Crawler  
  71  4:47  Drone  
  71  4:48  Drone  
  71  4:52  Evolution Chamber  
  71  4:55  Evolution Chamber, Drone  
  71  4:58  Overlord  
  71  4:59  Zergling x4  
  73  5:04  Overlord  
  73  5:05  Zergling x2  
  74  5:07  Drone  
  74  5:12  Overlord  
  74  5:13  Drone x3  
  74  5:14  Drone  
  79  5:15  Drone  
  79  5:18  Extractor  
  79  5:20  Overlord  
  79  5:21  Drone x2  
  79  5:24  Drone  
  79  5:25  Drone  
  79  5:28  Zerg Missile Weapons Level 1  
  81  5:29  Extractor  
  81  5:32  Zerg Ground Armor Level 1  
  81  5:33  Drone  
  81  5:36  Drone x2  
  81  5:38  Extractor  
  81  5:39  Extractor  
  81  5:45  Roach Warren, Drone x4  
  81  5:46  Drone  
  81  5:47  Drone  
  86  5:50  Overseer  
  86  5:52  Drone, Infestation Pit  
  86  5:56  Drone x2  
  88  5:58  Drone x2  
  88  6:02  Overlord  
  88  6:22  Hatchery  
  77  6:27  Drone x8  
  77  6:31  Drone x5  
  89  6:32  Drone x2  
  89  6:37  Hive  
  89  6:38  Glial Reconstitution  
  89  6:43  Roach x2  
  89  6:44  Roach  
  95  6:57  Drone x6  
  103  7:01  Roach  
  103  7:02  Queen  
  103  7:04  Roach x3  
  103  7:06  Overlord  
  111  7:08  Drone  
  111  7:11  Hydralisk Den  
  111  7:12  Roach  
  112  7:20  Roach  
  114  7:23  Overlord  
  114  7:25  Extractor  
  114  7:28  Roach x4, Extractor  
  120  7:30  Overlord  
  120  7:37  Drone x4  
  120  7:38  Drone  
  120  7:39  Zerg Ground Armor Level 2, Zerg Missile Weapons Level 2  
  120  7:42  Drone  
  126  7:45  Spore Crawler  
  126  7:47  Roach x2, Ravager  
  126  7:50  Roach x2  
  134  7:55  Roach x5  
  134  7:56  Overlord  
  144  8:03  Overlord  
  144  8:08  Overlord  
  144  8:15  Overlord, Viper  
  144  8:16  Viper  
  144  8:19  Drone x2  
  152  8:20  Spore Crawler  
  152  8:21  Viper x2  
  152  8:22  Viper  
  160  8:33  Roach x7  
  165  8:49  Hydralisk x6  
  165  8:55  Overlord  
  173  8:56  Hydralisk x2  
  173  8:59  Overlord  
  175  9:04  Overlord  
  175  9:05  Overlord  
  171  9:13  Hydralisk x5  
  171  9:16  Overlord  
  176  9:17  Ravager  
  176  9:23  Roach x7  
  190  9:25  Hydralisk  
  187  9:37  Hydralisk x6  
  191  9:43  Drone x2  
  191  9:45  Drone  
  184  9:47  Queen, Drone  
  184  9:48  Drone  
  184  9:51  Queen  
  190  9:54  Muscular Augments  
  190  10:04  Hydralisk x3  
  192  10:07  Zerg Missile Weapons Level 3  
  192  10:13  Spore Crawler  
  192  10:14  Ravager  
  192  10:20  Drone  
  192  10:22  Overlord  
  192  10:23  Pneumatized Carapace  
  192  10:25  Overlord  
  192  10:31  Overlord  
  190  10:39  Drone x2  
  190  10:41  Roach x6  
  197  10:47  Drone x4  
  197  10:48  Hydralisk  
  193  10:51  Hydralisk  
  193  10:56  Hydralisk x2  
  195  11:00  Overlord  
  199  11:06  Grooved Spines  
  199  11:10  Hatchery  
  198  11:12  Hydralisk  
  200  11:21  Hatchery  
  180  11:33  Viper x5  
  180  11:38  Drone x5  
  200  11:41  Hatchery  
  200  11:59  Zerg Ground Armor Level 3  
  200  12:09  Evolution Chamber  
  188  12:23  Roach x6  
  177  12:38  Hydralisk x9  
  177  12:42  Queen, Extractor  
  196  12:45  Drone x4  
  198  13:06  Hydralisk  
  200  13:17  Roach x6  
  186  13:25  Hydralisk x5  
  192  13:28  Drone x3  
  192  13:29  Drone x2  
  197  13:34  Roach  
  165  14:25  Spire  
  165  14:26  Drone x10  
  165  14:27  Queen, Drone x2  
  180  14:31  Roach x3, Spine Crawler  
  180  14:32  Spine Crawler x2  
  180  14:36  Extractor  
  180  14:41  Roach x4  
  180  14:43  Roach  
  167  14:50  Hydralisk x5  
  154  15:00  Hydralisk x5  
  154  15:01  Queen  
  154  15:03  Hydralisk x6  
  178  15:07  Extractor x2  
  178  15:11  Unknown  
  178  15:12  Hydralisk x5  
  177  15:22  Hydralisk x2  
  177  15:23  Hydralisk x3  
  177  15:25  Ravager x3  
  177  15:26  Ravager x4  
  194  15:32  Roach x4  
  198  15:39  Roach  
  198  15:40  Roach  
  200  15:45  Greater Spire  
  193  16:03  Roach x5  
  187  16:26  Corruptor x6  
  199  16:35  Spine Crawler x2  
  199  16:36  Spine Crawler  
  199  16:38  Drone  
  199  16:39  Drone x5  
  200  17:00  Spine Crawler  
  199  17:01  Spine Crawler x2  
  199  17:02  Spine Crawler  
  199  17:03  Brood Lord x2  
  200  17:16  Hatchery  
  197  17:25  Brood Lord  
  197  17:31  Overlord  
  197  17:34  Overlord  
  191  17:38  Brood Lord x3  
  191  17:40  Extractor  
  191  17:41  Hydralisk x4  
  191  17:43  Overlord  
  196  17:56  Corruptor x3  
  200  18:11  Hydralisk x3  
  200  18:12  Hydralisk x5  
  200  18:16  Corruptor x6  
  188  18:20  Hydralisk x2  
  188  18:22  Hydralisk  
  188  18:25  Zergling x2  
  188  18:26  Zergling x2  
  160  18:30  Hydralisk  
  160  18:33  Viper  
  146  18:43  Viper  
  146  18:46  Drone x5  
  146  18:47  Drone x4  
  155  18:53  Brood Lord  
  155  18:54  Brood Lord  
  159  18:57  Drone  
  159  18:58  Drone  
  161  19:06  Brood Lord  
  161  19:07  Extractor, Corruptor x2  
  161  19:08  Drone x2  
  161  19:11  Extractor  
  157  19:22  Corruptor  
  163  19:28  Drone x2  
  165  19:34  Corruptor x2  
  165  19:38  Hydralisk x5  
  165  19:39  Hydralisk  
  177  19:46  Corruptor  
  177  19:49  Roach x5  
  185  20:02  Drone x2  
  185  20:03  Drone  
  182  20:07  Brood Lord x2  
  182  20:08  Corruptor  
  182  20:10  Hydralisk x2  
  192  20:17  Corruptor x2  
  190  20:30  Corruptor x3  
  190  20:41  Hydralisk  
  190  20:42  Hydralisk x5  
  183  20:48  Corruptor  
  163  20:55  Roach x8  
  179  21:04  Roach x2  
  179  21:05  Roach x4  
  179  21:06  Spine Crawler  
  190  21:17  Hydralisk x5  
  186  21:32  Hydralisk x5  
  180  21:33  Hydralisk  
  178  21:49  Brood Lord  
  178  21:50  Hatchery  
  178  21:54  Zergling x14  
  180  22:07  Roach x4  
  180  22:08  Roach x2  
  188  22:12  Brood Lord  
  190  22:22  Brood Lord  
  192  22:23  Roach  
  193  22:38  Hydralisk x3  
  194  22:56  Corruptor x2  
  195  23:05  Corruptor  
  197  23:10  Overseer  
  197  23:18  Zergling x16  
  197  23:19  Hydralisk  
  191  23:20  Hydralisk  
  191  23:26  Roach x3  
Show
View Real Time Build Order
Export as new Build Order

llllllllllll Terran 

Build Orders: Command Center First (CC), Hellion Banshee 

Get SALT Encoding   

  12  0:01  SCV  
  13  0:13  SCV  
  14  0:17  Supply Depot  
  14  0:25  SCV  
  15  0:39  SCV  
  16  0:51  SCV  
  17  0:58  Command Center  
  17  1:03  SCV  
  18  1:12  Barracks  
  18  1:16  SCV  
  19  1:22  Refinery  
  19  1:28  SCV  
  19  1:29  Refinery  
  20  1:40  SCV  
  21  1:52  SCV  
  22  1:59  Reaper  
  23  2:04  Orbital Command  
  23  2:10  Orbital Command  
  23  2:18  Factory  
  23  2:31  SCV  
  23  2:32  Barracks Reactor  
  23  2:36  SCV  
  25  2:43  SCV  
  26  2:48  SCV  
  27  2:52  Command Center  
  27  2:55  SCV  
  28  3:00  SCV  
  28  3:03  Starport  
  29  3:12  Supply Depot  
  29  3:13  Hellion x2  
  33  3:20  SCV x2  
  33  3:21  Barracks Tech Lab  
  34  3:32  SCV x2  
  36  3:34  Hellion  
  40  3:41  Hellion  
  40  3:44  SCV x2  
  40  3:46  Cloaking Field, Banshee  
  45  3:52  Barracks Tech Lab  
  45  4:04  Hellion x2, Orbital Command  
  45  4:05  SCV x2  
  50  4:17  SCV  
  50  4:18  SCV  
  50  4:19  Refinery  
  50  4:20  Refinery  
  50  4:22  Supply Depot  
  52  4:25  Supply Depot  
  52  4:30  SCV x2  
  52  4:31  Banshee  
  57  4:36  Cyclone  
  57  4:38  Factory, SCV  
  60  4:42  Orbital Command  
  61  4:47  Factory  
  61  4:48  SCV  
  61  4:50  SCV  
  63  4:56  Supply Depot  
  63  5:00  SCV  
  63  5:02  SCV  
  65  5:08  SCV, Cyclone  
  65  5:13  SCV  
  70  5:15  SCV  
  70  5:18  Banshee  
  70  5:20  SCV  
  75  5:22  Refinery  
  75  5:23  Hellion x2  
  75  5:24  Refinery  
  75  5:25  SCV, Supply Depot  
  80  5:31  SCV  
  80  5:33  SCV  
  80  5:34  Armory  
  82  5:37  Factory Tech Lab, SCV  
  83  5:44  Supply Depot  
  83  5:46  SCV  
  83  5:47  SCV, Cyclone  
  83  5:49  SCV  
  89  5:51  Hellion x2  
  89  5:53  Mag-Field Accelerator  
  93  6:03  Factory  
  93  6:04  Factory  
  93  6:05  SCV x3  
  93  6:06  Supply Depot x2  
  93  6:09  Supply Depot  
  96  6:17  SCV x3  
  95  6:26  Cyclone  
  95  6:27  Cyclone  
  95  6:28  Hellion  
  95  6:29  Banshee, Hellion  
  95  6:30  SCV x2  
  106  6:34  SCV  
  106  6:35  Terran Vehicle And Ship Armor Level 1  
  106  6:37  Infernal Pre-Igniter  
  103  6:41  Supply Depot  
  103  6:43  SCV, Supply Depot  
  103  6:44  SCV  
  103  6:45  Supply Depot  
  105  6:53  Factory Tech Lab, Hellion x2  
  109  6:54  Factory Reactor  
  109  6:56  SCV x2  
  109  7:00  Supply Depot  
  111  7:02  Engineering Bay  
  111  7:06  Cyclone x2  
  117  7:14  Hellion, Cyclone  
  122  7:15  Banshee  
  125  7:28  Command Center  
  125  7:35  Hellion x3  
  131  7:38  Hellion, Cyclone  
  131  7:43  Supply Depot  
  131  7:44  SCV x2, Supply Depot  
  138  7:45  SCV  
  139  7:57  Cyclone x2  
  147  7:58  Hellion  
  147  8:00  Hellion  
  149  8:06  Banshee  
  149  8:11  Cyclone  
  155  8:16  Hellion x2  
  155  8:19  SCV  
  161  8:20  SCV x2  
  162  8:30  Cyclone  
  162  8:31  Hellion, Cyclone  
  172  8:34  Hellion  
  172  8:40  Hellion x2  
  176  8:43  Hellion  
  172  8:50  Banshee  
  172  8:52  Hellion  
  179  8:56  Hellion  
  179  8:58  Planetary Fortress, Supply Depot  
  179  9:03  Cyclone x2  
  182  9:16  Cyclone  
  182  9:22  Hellion x2  
  177  9:26  Hellion x2  
  178  9:35  Cyclone x2  
  175  9:44  Hellion x2  
  173  9:47  Hellion  
  173  9:49  Factory, Terran Vehicle And Ship Armor Level 2  
  173  9:51  Armory, Factory x2  
  178  9:54  Corvid Reactor, Raven, Hellion  
  159  10:11  Siege Tank x2  
  159  10:12  Siege Tank  
  159  10:13  Hellion x2  
  159  10:14  Hellion  
  171  10:27  Hellion  
  173  10:35  Hellion  
  162  10:43  Siege Tank x2  
  162  10:49  Siege Tank  
  159  10:50  Hellion x2  
  159  10:51  Hellion  
  159  10:53  Factory Tech Lab x2, Factory Reactor  
  159  10:54  Raven  
  156  11:06  Hellion  
  159  11:11  Hellion x2  
  159  11:13  Hellion  
  159  11:15  Siege Tank x2  
  159  11:17  Command Center  
  167  11:21  Siege Tank x3  
  173  11:27  Hellion  
  168  11:32  Hellion  
  168  11:34  Hellion x3  
  171  11:40  Hellion  
  173  11:47  Siege Tank x2  
  173  11:48  Hellion  
  173  11:51  Terran Vehicle Weapons Level 1  
  173  11:53  Refinery x2, Cyclone x3  
  192  11:54  Hellion  
  192  11:55  Hellion x2  
  196  12:01  Supply Depot  
  196  12:07  Hellion  
  196  12:13  Hellion  
  196  12:15  Hellion  
  196  12:19  Hellion  
  196  12:20  Hellion x2  
  196  12:22  Hellion  
  194  12:23  Cyclone  
  194  12:25  Hellion, Cyclone  
  194  12:26  Hellion  
  179  12:34  Hellion  
  156  12:39  Planetary Fortress  
  156  12:41  Hellion  
  156  12:42  Smart Servos, Hellion x2  
  156  12:43  Cyclone  
  157  12:46  Cyclone  
  157  12:47  Cyclone  
  157  12:50  Terran Vehicle And Ship Armor Level 3  
  159  13:03  Command Center, SCV, Hellion x2  
  164  13:07  Hellion x2  
  164  13:09  Hellion x2  
  172  13:15  Hellion  
  172  13:19  Siege Tank, Hellion  
  147  13:24  Hellion x2  
  147  13:27  Viking  
  147  13:29  Hellion  
  147  13:30  Viking, Siege Tank x2  
  159  13:37  Siege Tank  
  162  13:41  Cyclone  
  162  13:42  Hellion  
  162  13:46  Hellion x2  
  171  13:51  Terran Vehicle Weapons Level 2, Cyclone  
  171  13:54  Hellion  
  176  14:02  Hellion, Cyclone  
  175  14:03  Hellion  
  162  14:10  Hellion, Cyclone  
  162  14:11  Hellion  
  162  14:13  Cyclone  
  162  14:16  Hellion  
  173  14:17  Viking  
  173  14:18  Viking  
  173  14:23  Hellion  
  173  14:24  Hellion  
  175  14:25  Hellion  
  177  14:32  Hellion  
  177  14:33  Hellion  
  177  14:34  Cyclone  
  177  14:37  Hellion  
  186  14:42  Cyclone  
  186  14:45  Orbital Command, Cyclone x3  
  157  14:47  Viking  
  157  14:48  Hellion  
  137  14:53  Hellion  
  137  14:54  Hellion  
  137  14:57  Viking  
  140  15:01  Hellion  
  140  15:06  Cyclone  
  145  15:10  Hellion  
  147  15:14  Cyclone  
  147  15:15  Hellion  
  147  15:16  Hellion  
  147  15:17  Hellion, Cyclone  
  159  15:22  Hellion x2  
  154  15:36  Orbital Command  
  154  15:38  Cyclone x2  
  150  15:45  Cyclone  
  150  15:46  Hellion x3  
  153  15:53  Cyclone  
  153  15:55  Cyclone  
  143  15:57  Hellion  
  145  16:07  Hellion  
  144  16:16  Cyclone x2  
  144  16:17  Hellion x2  
  154  16:27  Hellion, Cyclone  
  154  16:31  Cyclone  
  154  16:32  Hellion  
  164  16:35  Hellion  
  164  16:44  Hellion x5  
  162  16:48  Viking, Cyclone  
  162  16:49  Viking  
  162  16:50  Cyclone  
  162  16:52  Hellion  
  174  16:56  Cyclone  
  174  16:59  Cyclone  
  174  17:01  Hellion  
  180  17:04  Cyclone  
  183  17:11  Hellion  
  172  17:17  Orbital Command  
  172  17:20  Cyclone  
  172  17:22  Cyclone  
  173  17:31  Cyclone  
  173  17:34  Hellion  
  173  17:36  Hellion, Cyclone  
  173  17:39  Hellion  
  173  17:43  Hellion  
  175  17:49  SCV x3  
  178  17:52  SCV  
  178  17:53  Cyclone  
  178  17:55  Hellion x2  
  186  17:59  Viking x2  
  186  18:01  Hellion  
  189  18:05  Cyclone  
  189  18:10  Cyclone  
  177  18:17  Cyclone  
  158  18:20  Cyclone  
  158  18:26  Cyclone  
  129  18:29  Viking  
  129  18:34  Hellion  
  123  18:36  Hellion  
  123  18:38  Hellion x2  
  116  18:41  Viking  
  115  18:48  Cyclone x2  
  115  18:53  Cyclone  
  115  18:55  Hellion  
  126  18:56  SCV x2  
  126  18:57  SCV  
  129  19:03  Cyclone  
  129  19:05  Hellion  
  134  19:12  Hellion x2  
  134  19:16  Hellion, Cyclone  
  137  19:21  Hellion, Cyclone  
  137  19:24  Viking  
  144  19:26  Viking  
  146  19:34  Cyclone  
  146  19:35  Hellion x2  
  146  19:36  Hellion x2  
  146  19:38  Hellion  
  159  19:43  Cyclone  
  162  19:48  Cyclone  
  165  19:53  Cyclone  
  165  19:57  Cyclone  
  171  20:06  Cyclone  
  168  20:10  Hellion x2  
  168  20:12  Hellion x2  
  174  20:15  Cyclone  
  174  20:20  Hellion  
  179  20:24  Viking  
  179  20:25  Hellion  
  183  20:29  Hellion  
  183  20:32  Hellion x2  
  183  20:33  Hellion  
  191  20:37  Hellion  
  191  20:39  Hellion  
  168  20:49  Cyclone  
  146  20:50  Hellion x2  
  146  20:51  Hellion  
  146  20:53  Hellion x2  
  146  20:55  Hellion  
  156  20:58  Hellion  
  156  21:00  Hellion  
  160  21:11  Hellion  
  156  21:23  Cyclone  
  156  21:24  Hellion x2  
  147  21:27  Hellion x2  
  147  21:28  Hellion  
  145  21:45  Hellion x2  
  149  21:49  Hellion  
  149  21:53  Command Center  
  142  22:11  Widow Mine x9  
  142  22:15  Refinery x2  
  154  22:16  Medivac  
  154  22:19  Medivac  
  157  22:32  Hellion x4  
  163  22:40  Widow Mine  
  163  22:41  Widow Mine x3  
  163  22:42  Widow Mine  
  164  22:54  Hellion x4  
  164  22:57  Medivac  
  168  23:00  Orbital Command  
  168  23:02  Hellion x4  
  168  23:03  Hellion  
  174  23:15  Hellion x4  
  178  23:23  Hellion x3  

Tags
 
Add a new tag
Caveats
  • Supply blocks, unpowered buildings, or Contaminate may cause inaccurate times.
  • Supply counts are checked every 10 seconds.